 Dungeon Crawl Stone Soup version 0.20.1-1-g8b1a95d (webtiles) character file.

64 Volvorun the Slasher (level 4, -2/37 HPs)
             Began as a Human Chaos Knight on Sept 11, 2017.
             Slain by an orc
             ... wielding a +0 flail
              (10 damage)
             ... on level 3 of the Dungeon.
             The game lasted 00:06:44 (2125 turns).

Volvorun the Slasher (Human Chaos Knight)           Turns: 2125, Time: 00:06:44

Health: -2/37      AC:  6    Str: 13    XL:     4   Next: 32%
Magic:  4/4        EV:  9    Int: 13    God:    Xom [..*...]
Gold:   99         SH:  0    Dex: 12    Spells: 3/3 levels left

rFire    . . .     SeeInvis .   a - +0 falchion (chaos)
rCold    . . .     Gourm    .   (no shield)
rNeg     . . .     Faith    .   h - +0 scale mail
rPois    .         Spirit   .   (no helmet)
rElec    .         Reflect  .   (no cloak)
rCorr    .         Harm     .   (no gloves)
MR       .....                  (no boots)
Stlth    ..........             (no amulet)
Regen    0.2/turn               (no ring)
MPRegen  0.1/turn               (no ring)

@: lethally poisoned (-2 -> -5)
A: no striking features
a: Renounce Religion


You were on level 3 of the Dungeon.
You worshipped Xom.
You were a toy of Xom.
You were not hungry.

You visited 1 branch of the dungeon, and saw 3 of its levels.

You collected 99 gold pieces.

Inventory:

Hand Weapons
 a - a +0 falchion of chaos (weapon)
Armour
 b - a +2 leather armour
 h - a +0 scale mail (worn)
Scrolls
 e - a scroll of random uselessness {unknown}
 i - 4 scrolls of identify {unknown}
 j - a scroll of teleportation {unknown}
Potions
 d - 3 potions of brilliance {unknown}
 f - a potion of lignification {unknown}
Comestibles
 c - 3 bread rations
 g - a meat ration


   Skills:
 + Level 3.7 Fighting
 + Level 3.8 Long Blades
 + Level 2.4 Armour
 + Level 1.1 Dodging
 + Level 0.7 Stealth


You had 3 spell levels left.
You didn't know any spells.

Dungeon Overview and Level Annotations

Branches:
Dungeon (3/15)

Altars:
Hepliaklqana
Vehumet
The Shining One


Message History

You hit the orc.
The orc is lightly wounded.
The adder bites you.
You are poisoned.
The adder poisons you! The orc barely misses you.
The orc hits you with a flail. The adder closely misses you.
The orc hits you but does no damage.
You closely miss the orc.
The orc is lightly wounded.
You feel sick. The adder bites you but does no damage.
The orc hits you with a flail.
* * * LOW HITPOINT WARNING * * *
The orc hits you with a flail.
* * * LOW HITPOINT WARNING * * *
The orc hits you but does no damage.
You hit the orc. You freeze the orc.
You kill the orc!
The adder barely misses you. The orc hits you but does no damage.
The orc hits you with a flail!
You die...

####+#####
#........#
#..<.....#
#........#
#....[[S.#
#.....@..#
.......oo.#
##........#
#.........#
#.#########
.


You could see an adder and 2 orcs.

Vanquished Creatures
  An adder (D:2)
  An ooze (D:2)
  3 orcs
  A ball python (D:1)
  6 bats
  2 giant cockroaches (D:1)
  5 goblins
  9 hobgoblins
  6 kobolds
  A quokka (D:2)
  4 frilled lizards
  6 rats
45 creatures vanquished.

Notes
Turn   | Place    | Note
-------+----------+-------------------------------------------
     0 | D:1      | Volvorun the Human Chaos Knight began the quest for the Orb.
     0 | D:1      | Reached XP level 1. HP: 18/18 MP: 1/1
    17 | D:1      | XOM: butterfly on damage
   227 | D:1      | Reached XP level 2. HP: 10/24 MP: 2/2
   455 | D:1      | XOM: silly message
   608 | D:1      | XOM: cloud trail
   698 | D:1      | Reached XP level 3. HP: 29/29 MP: 3/3
  1096 | D:2      | XOM: divination: magic mapping
  1103 | D:2      | Found a hazy altar of Hepliaklqana.
  1122 | D:2      | XOM: medium Tmut miscast
  1122 | D:2      | XOM: smoke on damage
  1253 | D:2      | XOM: noise
  1603 | D:2      | Found a glowing golden altar of the Shining One.
  1603 | D:2      | XOM: enchant monster (bad)
  1785 | D:2      | Reached XP level 4. HP: 35/37 MP: 4/4
  1915 | D:2      | Found a radiant altar of Vehumet.
  1973 | D:2      | XOM: harmless Pois miscast
  2077 | D:2      | XOM: 1-stop teleportation journey
  2116 | D:2      | XOM: harmless Fire miscast
  2125 | D:3      | Slain by an orc

Action                   |  1- 3 |  4- 6 || total
-------------------------+-------+-------++-------
Melee: Falchion          |    96 |    26 ||   122
 Stab: Confused          |     1 |       ||     1
       Petrified         |     1 |       ||     1
  Eat: Bread ration      |     1 |       ||     1
Armor: Leather armour    |    21 |       ||    21
       Scale mail        |    31 |    19 ||    50
Dodge: Dodged            |    56 |    16 ||    72
       Rpst.: Falchion   |    19 |     4 ||    23
